 Dungeon Sprint DCSS version 0.20-a0-1009-gc986637 (webtiles) character file.

6608 Roshambo the Carver (level 10, -4/88 HPs)
             Began as a Demonspawn Fighter on Apr 14, 2017.
             Was the Champion of Qazlal.
             Slain by a tyrant leech (16 damage)
             ... in the Dungeon (Sprint IX: "|||||||||||||||||||||||||||||").
             The game lasted 00:02:14 (1042 turns).

Roshambo the Carver (Demonspawn Fighter)            Turns: 1042, Time: 00:02:14

Health: -4/88      AC: 19    Str: 20    XL:     10   Next: 71%
Magic:  18/19      EV: 10    Int: 12    God:    Qazlal [******]
Gold:   13         SH: 20    Dex: 15    Spells: 9/9 levels left

rFire    + . .     SeeInvis .   d - +4 scimitar (flame)
rCold    . . .     Gourm    .   c - +0 shield
rNeg     . . .     Faith    .   p - +1 chain mail
rPois    .         Spirit   .   (no helmet)
rElec    .         Reflect  .   (no cloak)
rCorr    .         Harm     .   (no gloves)
MR       .....     NoTele   +   o - +0 pair of boots
Stlth    ..........             (no amulet)
Regen    0.3/turn               r - +2 ring of evasion
MPRegen  0.2/turn               q - +3 ring of strength

@: protected from physical damage, repel missiles
A: hooves 2, thin metallic scales 2, clever 1, fire resistance 1, foul stench 1,
powered by pain 1, rot immunity
a: Upheaval, Elemental Force, Disaster Area, Renounce Religion


You were in the Dungeon.
You worshipped Qazlal.
Qazlal was exalted by your worship.
You were hungry.

You visited 1 branch You collected 13 gold pieces.

Inventory:

Hand Weapons
 a - a +0 long sword
 d - a +4 scimitar of flaming (weapon)
Armour
 c - a +0 shield (worn)
 o - a +0 pair of boots (worn)
 p - a +1 chain mail (worn)
Jewellery
 q - a +3 ring of strength (right hand)
 r - a +2 ring of evasion (left hand)
Wands
 n - a wand of lightning (1/15)
Scrolls
 k - 2 scrolls of blinking
 l - 3 scrolls of remove curse
 m - 2 scrolls of amnesia
 t - a scroll of fog
 u - 6 scrolls of enchant armour
 v - a scroll of fear
Potions
 b - 2 potions of agility
 e - 6 potions of curing
 g - 5 potions of heal wounds
 h - a potion of haste
 i - 4 potions of magic
 j - a potion of invisibility
Books
 s - the Collected Works on the Venomous Snowflakes
   (You found it in the Dungeon)

   Spells                             Type                      Level
   a - Sting                          Conjuration/Poison           1
   b - Throw Icicle                   Conjuration/Ice              4
   c - Summon Ice Beast               Ice/Summoning                4
   d - Alistair's Intoxication        Transmutation/Poison         5
Comestibles
 f - a bread ration


   Skills:
 + Level 11.2 Fighting
 + Level 14.7 Long Blades
 + Level 8.6 Armour
 + Level 3.1 Dodging
 + Level 9.5 Shields
 * Level 13.0 Invocations


You had 9 spell levels left.
You didn't know any spells.

Dungeon Overview and Level Annotations

Branches:
Dungeon (1/1)

Altars:
Cheibriados
Dithmenos
Elyvilon
Fedhas
Gozag
Hepliaklqana
Kikubaaqudgha
Makhleb
Nemelex Xobeh
Okawaru
Qazlal
Ru
Sif Muna
Trog
Uskayaw
Vehumet
Wu Jian
Xom
Yredelemnul
Zin
The Shining One
Beogh
Jiyva
Lugonu


Innate Abilities, Weirdness & Mutations

You have hoof-like feet.
You are mostly covered in thin metallic scales. (AC +3)
You may emit foul miasma when damaged in melee.
You sometimes gain a little power by taking damage.
You are immune to rotting.
Your mind is acute. (Int +2)
Your flesh is heat resistant. (rF+)


Message History

The blast of rubble hits the tyrant leech.
You kill the tyrant leech!
Qazlal accepts your kill.
Your Invocations skill increases to level 13!
Unknown command.
Unknown command.
Unknown command.
You slash the tyrant leech! You burn the tyrant leech.
The tyrant leech is heavily wounded.
The tyrant leech bites you!!
* * * LOW HITPOINT WARNING * * *
You focus on the pain.
You feel your power returning.
The tyrant leech draws strength from your injuries!
You slash the tyrant leech! You burn the tyrant leech.
The tyrant leech is heavily wounded.
Your protection from physical attacks is fading.
You miss the tyrant leech.
The tyrant leech is heavily wounded.
The tyrant leech bites you!
You die...

▓.▓.▓
▓[▓.▓.▓
▓.▓.▓.▓
▓)▓.▓†▓
▓|▓.▓.▓
▓.▓.▓.▓
▓.▓.▓.▓
▓'▓.▓w▓
▓_▓.▓@▓
▓_▓.▓.▓
▓_▓.▓.▓
▓_▓.▓.▓
▓_▓.▓.▓
▓_▓.▓.▓
▓_▓.▓≈▓
▓_▓.▓≈▓
▓_▓.▓.▓


You could see a tyrant leech.

Vanquished Creatures
  Erica (D)
  A two-headed ogre (D)
  Sonja (D)
  2 lindwurms (D)
  A black mamba (D)
  2 spiny frogs (D)
  A rime drake (D)
  3 tyrant leeches (D)
  A blink frog (D)
  3 hippogriffs (D)
  A yak (D)
  A soldier ant (D)
  A porcupine (D)
  A black bear (D)
  An eye of draining (D)
  4 crocodiles (D)
  A centaur (D)
  4 bullfrogs (D)
  A scorpion (D)
  2 wights (D)
  2 howler monkeys (D)
  A crimson imp (D)
  A worker ant (D)
  An adder zombie (D)
  2 worms (D)
  A dart slug (D)
  A leopard gecko (D)
  2 goblins (D)
  A hobgoblin (D)
  A jackal (D)
  A quokka (D)
  A kobold (D)
  A leopard gecko zombie (D)
49 creatures vanquished.

Notes
Turn   | Place    | Note
-------+----------+-------------------------------------------
     0 | D        | Roshambo the Demonspawn Fighter began the quest for the Orb.
     0 | D        | Reached XP level 1. HP: 18/18 MP: 1/1
     6 | D        | Reached skill level 3 in Long Blades
    98 | D        | Noticed a howler monkey
    98 | D        | Noticed a centaur
    98 | D        | Noticed a crimson imp
   104 | D        | Killed a centaur
   104 | D        | Reached skill level 7 in Long Blades
   104 | D        | Gained mutation: You are immune to rotting. [demonic ancestry]
   104 | D        | Reached XP level 2. HP: 23/24 MP: 2/2
   104 | D        | Gained mutation: You sometimes gain a little power by taking damage. [demonic ancestry]
   104 | D        | Reached XP level 3. HP: 28/29 MP: 3/3
   104 | D        | Gained mutation: You may emit foul miasma when damaged in melee. [demonic ancestry]
   104 | D        | Reached XP level 4. HP: 34/35 MP: 4/4
   110 | D        | Reached skill level 8 in Long Blades
   114 | D        | Reached skill level 9 in Long Blades
   114 | D        | Gained mutation: You are partially covered in thin metallic scales. (AC +2) [demonic ancestry]
   114 | D        | Reached XP level 5. HP: 37/41 MP: 5/5
   124 | D        | Found a roughly hewn altar of Beogh.
   124 | D        | Found a snail-covered altar of Cheibriados.
   124 | D        | Found a shadowy altar of Dithmenos.
   124 | D        | Found a white marble altar of Elyvilon.
   124 | D        | Found a blossoming altar of Fedhas.
   124 | D        | Found an opulent altar of Gozag.
   125 | D        | Found a hazy altar of Hepliaklqana.
   126 | D        | Found a viscous altar of Jiyva.
   127 | D        | Found an ancient bone altar of Kikubaaqudgha.
   128 | D        | Found a corrupted altar of Lugonu.
   129 | D        | Found a burning altar of Makhleb.
   130 | D        | Found a sparkling altar of Nemelex Xobeh.
   131 | D        | Found an iron altar of Okawaru.
   132 | D        | Found a stormy altar of Qazlal.
   133 | D        | Found a sacrificial altar of Ru.
   134 | D        | Found a deep blue altar of Sif Muna.
   135 | D        | Found a bloodstained altar of Trog.
   136 | D        | Found a hide-covered altar of Uskayaw.
   137 | D        | Found a radiant altar of Vehumet.
   138 | D        | Found an ornate altar of the Wu Jian Council.
   139 | D        | Found a shimmering altar of Xom.
   140 | D        | Became a worshipper of Qazlal Stormbringer
   141 | D        | Found a basalt altar of Yredelemnul.
   142 | D        | Found a glowing silver altar of Zin.
   143 | D        | Found a glowing golden altar of the Shining One.
   227 | D        | Noticed a two-headed ogre
   227 | D        | Noticed a black bear
   232 | D        | Killed a black bear
   232 | D        | Reached skill level 10 in Long Blades
   237 | D        | Killed a two-headed ogre
   237 | D        | Reached * piety under Qazlal
   237 | D        | Reached skill level 11 in Long Blades
   237 | D        | Reached skill level 1 in Dodging
   237 | D        | Reached skill level 5 in Shields
   237 | D        | Gained mutation: You are mostly covered in thin metallic scales. (AC +3) [demonic ancestry]
   237 | D        | Reached XP level 6. HP: 42/55 MP: 7/11
   237 | D        | Gained mutation: You have large cloven feet. [demonic ancestry]
   237 | D        | Reached XP level 7. HP: 46/60 MP: 7/12
   244 | D        | Reached ** piety under Qazlal
   267 | D        | Reached XP level 8. HP: 58/68 MP: 11/13
   279 | D        | Reached *** piety under Qazlal
   338 | D        | Noticed Sonja
   348 | D        | Noticed Erica
   350 | D        | Killed Sonja
   350 | D        | Reached skill level 12 in Long Blades
   363 | D        | Killed Erica
   363 | D        | Reached skill level 10 in Invocations
   363 | D        | Reached XP level 9. HP: 33/76 MP: 14/16
   619 | D        | Gained mutation: Your mind is acute. (Int +2) [potion of mutation]
   619 | D        | Gained mutation: Your flesh is heat resistant. (rF+) [potion of mutation]
   626 | D        | Identified the Collected Works on the Venomous Snowflakes (You found it in the Dungeon)
   638 | D        | Noticed a black mamba
   638 | D        | Noticed a rime drake
   643 | D        | Killed a rime drake
   643 | D        | Reached **** piety under Qazlal
   643 | D        | Reached skill level 13 in Long Blades
   648 | D        | Killed a black mamba
   670 | D        | Reached ***** piety under Qazlal
   670 | D        | Reached skill level 10 in Fighting
   885 | D        | Noticed a spiny frog
   886 | D        | Gained mutation: You have hoof-like feet. [demonic ancestry]
   886 | D        | Reached XP level 10. HP: 86/86 MP: 18/18
   886 | D        | Killed a spiny frog
   886 | D        | Reached skill level 14 in Long Blades
   886 | D        | Noticed a spiny frog
   896 | D        | Killed a spiny frog
   896 | D        | Reached ****** piety under Qazlal
  1021 | D        | Noticed a lindwurm
  1021 | D        | Noticed a lindwurm
  1022 | D        | Killed a lindwurm
  1031 | D        | Killed a lindwurm
  1042 | D        | Slain by a tyrant leech

Vault maps used:
D:        linesprint

Skill      XL: |  1  2  3  4  5  6  7  8  9 10 |
---------------+-------------------------------+-----
Long Blades    | 7 9 11 12 13 14 | 14.7
Fighting       | 7 9 10 11 | 11.2
Armour         | 6 7 8 |  8.6
Shields        | 5 7 8 9 |  9.5
Invocations    | 7 10 11 13 | 13.0
Dodging        | 1 2 3 |  3.1

Action                   |  1- 3 |  4- 6 |  7- 9 | 10-12 || total
-------------------------+-------+-------+-------+-------++-------
Melee: Long sword        |    21 |    21 |    44 |       ||    86
       Scimitar          |       |       |    48 |    31 ||    79
Invok: Disaster Area     |       |       |       |     3 ||     3
Evoke: Wand              |       |       |     6 |       ||     6
  Use: Potion            |     1 |     2 |     1 |       ||     4
Armor: Scale mail        |     4 |     2 |       |       ||     6
       Chain mail        |       |     1 |    19 |     3 ||    23
Dodge: Dodged            |     5 |     5 |    17 |     3 ||    30
Block: Shield            |     6 |     7 |    50 |    15 ||    78
       Rpst.: Long sword |     1 |     4 |       |       ||     5
       Scimitar          |       |       |       |     1 ||     1
